 Dungeon Sprint DCSS version 0.30-a0-222-ge547ba4400 (webtiles) character file.

Game seed: 10547647275001763204

411 rocky1 the Spear-Bearer (level 6, -6/61 HPs)
             Began as a Minotaur Fighter on Oct 9, 2022.
             Was an Initiate of Gozag.
             Mangled by a neqoxec (10 damage)
             ... in the Dungeon (Sprint II: "The Violet Keep of Menkaure").
             The game lasted 00:01:49 (112 turns).

rocky1 the Spear-Bearer (Minotaur Fighter)           Turns: 112, Time: 00:01:50

Health: -6/61      AC:  8    Str: 20    XL:     6   Next: 58%
Magic:  5/5        EV: 11    Int:  5    God:    Gozag
Gold:   243        SH:  5    Dex:  8    Spells: 5/5 levels left

rFire   . . .      SeeInvis .    a - +0 trident
rCold   . . .      Faith    .    c - +0 buckler
rNeg    . . .      Spirit   .    b - +0 scale mail
rPois   .          Reflect  .    (helmet restricted)
rElec   .          Harm     .    (no cloak)
rCorr   .          Rampage  .    (no gloves)
Will    .....      NoTele   +    (no boots)
Stlth   ..........               (no amulet)
HPRegen 0.30/turn                (no ring)
MPRegen 0.09/turn                (no ring)

@: mighty, hasted, very quick
A: horns 2, retaliatory headbutt, clumsy 1, weak 1
a: Renounce Religion, Potion Petition, Call Merchant, Bribe Branch


You were in the Dungeon.
You worshipped Gozag.
Gozag was aware of your devotion.
You visited 1 branch You collected 243 gold pieces.

Inventory:

Hand Weapons
 a - a +0 trident (weapon)
Armour
 b - a +0 scale mail (worn)
 c - a +0 buckler (worn)
Scrolls
 j - a scroll of blinking
Potions
 h - 2 potions of magic


   Skills:
 + Level 7.9 Fighting
 * Level 10.2 Polearms
 + Level 7.9 Armour
 + Level 6.1 Dodging
 + Level 7.8 Shields


You had 5 spell levels left.
You didn't know any spells.
Your spell library was empty.

Dungeon Overview and Level Annotations

Branches:
Dungeon (1/1)

Altars:
Cheibriados
Dithmenos
Elyvilon
Fedhas
Gozag
Hepliaklqana
Kikubaaqudgha
Makhleb
Nemelex Xobeh
Okawaru
Qazlal
Ru
Sif Muna
Trog
Uskayaw
Vehumet
Wu Jian
Xom
Yredelemnul
Zin
The Shining One
Jiyva
Lugonu


Innate Abilities, Weirdness & Mutations

You have a pair of horns on your head.
You reflexively headbutt those who attack you in melee.
You are clumsy. (Dex -2)
You are weak. (Str -2)


Message History

You headbutt the neqoxec, but do no damage.
The neqoxec is severely wounded.
The neqoxec gestures at you.
Something tries to feed on your intellect!
The neqoxec hits you.
* * * LOW HITPOINT WARNING * * *
You closely miss the neqoxec.
The neqoxec is severely wounded.
The neqoxec hits you.
* * * LOW HITPOINT WARNING * * *
The neqoxec hits you.
* * * LOW HITPOINT WARNING * * *
Unknown command.
You closely miss the neqoxec.
The neqoxec is severely wounded.
The neqoxec barely misses you. The neqoxec closely misses you.
You furiously retaliate!
You headbutt the neqoxec, but do no damage.
Unknown command.
You feel better.
The walls and floor vibrate strangely for a moment.
You block the neqoxec's attack. The neqoxec hits you.
* * * LOW HITPOINT WARNING * * *
Unknown command.
You feel yourself speed up. The neqoxec gestures at you.
Strange energies course through your body.
You feel clumsy.
The neqoxec hits you but does no damage.
Unknown command.
You feel very mighty all of a sudden.
Unknown command.
You closely miss the neqoxec. You headbutt the neqoxec.
The neqoxec is severely wounded.
You block the neqoxec's attack. x2
You hit the neqoxec.
The neqoxec is almost dead.
The neqoxec hits you!
You die...
Your body crumbles into a pile of gold. ~~~.........# $ $ ~~~~.##'##..#$ $ $ ~~~ ##...##.#### .### $ $ ~ #..#..#....# $ .^.# $ $ ##.#.####..## #..# $ $ ##†###.##..#$ +..# )[ ##.###..#†.# #..# !"$$

$+.<.+ #333.### ..###
▓!)! ##.##
#@...###...##▓▓▓▓ #+#
#......~~~~~~~~~~ $
#~~.....~#'#######
#~~~~~§§.§~#_._._...
#~~§~~~~§.~#._._._._
#~~~≈≈≈§§~~~#_._._._.
~~~~~~≈≈§§§~~#._._._._
+++#~≈≈§≈≈§≈§#.._._._.
##§§§###≈§#..._._._


You could see 3 neqoxecs.

Vanquished Creatures
  Menkaure (D)
  A water moccasin (D)
  4 necrophages (D)
6 creatures vanquished.

Notes
Turn   | Place    | Note
-------+----------+-------------------------------------------
     0 | D        | rocky1 the Minotaur Fighter began the quest for the Orb.
     0 | D        | Reached XP level 1. HP: 19/19 MP: 0/0
     1 | D        | Noticed a necrophage
     1 | D        | Noticed a necrophage
     1 | D        | Noticed a necrophage
     1 | D        | Noticed a necrophage
     5 | D        | Killed a necrophage
     6 | D        | Reached skill level 5 in Fighting
     6 | D        | Reached skill level 5 in Polearms
     6 | D        | Reached skill level 5 in Armour
     6 | D        | Reached skill level 5 in Shields
     6 | D        | Reached XP level 2. HP: 29/29 MP: 1/1
     6 | D        | Reached XP level 3. HP: 36/36 MP: 2/2
     8 | D        | Killed a necrophage
     9 | D        | Reached skill level 7 in Polearms
     9 | D        | Reached XP level 4. HP: 44/44 MP: 3/3
    14 | D        | Killed a necrophage
    15 | D        | Reached skill level 8 in Polearms
    15 | D        | Reached XP level 5. HP: 51/51 MP: 4/4
    19 | D        | Reached skill level 5 in Dodging
    49 | D        | Noticed Menkaure
    58 | D        | Killed Menkaure
    59 | D        | Reached skill level 9 in Polearms
    59 | D        | Reached XP level 6. HP: 12/61 MP: 5/5
    64 | D        | Noticed a water moccasin
    69 | D        | Killed a water moccasin
    70 | D        | Reached skill level 10 in Polearms
    71 | D        | Found an iron altar of Okawaru.
    71 | D        | Found an opulent altar of Gozag.
    72 | D        | Found a sparkling altar of Nemelex Xobeh.
    72 | D        | Found a blossoming altar of Fedhas.
    73 | D        | Found a radiant altar of Vehumet.
    73 | D        | Found a burning altar of Makhleb.
    73 | D        | Found a white marble altar of Elyvilon.
    74 | D        | Found a hide-covered altar of Uskayaw.
    74 | D        | Found a corrupted altar of Lugonu.
    74 | D        | Found a shadowy altar of Dithmenos.
    75 | D        | Found a glowing silver altar of Zin.
    75 | D        | Found a bloodstained altar of Trog.
    75 | D        | Found an ancient bone altar of Kikubaaqudgha.
    76 | D        | Found a basalt altar of Yredelemnul.
    76 | D        | Found a shimmering blue altar of Sif Muna.
    76 | D        | Found a viscous altar of Jiyva.
    77 | D        | Found a shimmering altar of Xom.
    77 | D        | Found a sacrificial altar of Ru.
    79 | D        | Found a glowing golden altar of the Shining One.
    79 | D        | Found an ornate altar of the Wu Jian Council.
    79 | D        | Found a stormy altar of Qazlal.
    79 | D        | Found a snail-covered altar of Cheibriados.
    79 | D        | Found a hazy altar of Hepliaklqana.
    83 | D        | Became a worshipper of Gozag Ym Sagoz the Greedy
    95 | D        | Noticed a neqoxec
    95 | D        | Noticed a neqoxec
   102 | D        | Noticed a neqoxec
   104 | D        | Gained mutation: You are weak. (Str -2) [a neqoxec]
   106 | D        | HP: 1/61 [neqoxec (5)]
   109 | D        | Gained mutation: You are clumsy. (Dex -2) [a neqoxec]
   112 | D        | Mangled by a neqoxec

Illustrated notes

Levels and vault maps discovered:
D:        the_violet_keep_of_menkaure [sprint2_stairs_cluster_1,
          sprint2_shoproom, sprint2_temple, sprint2_basic_supplies,
          sprint2_obstacle_4, sprint2_obstacle_1, sprint2_obstacle_5,
          sprint2_obstacle_7, sprint2_obstacle_6, sprint2_timed_cluster_1,
          sprint2_smallroom_cluster_1, sprint2_smallroom_final_cluster_1,
          sprint2_transparent_cluster_1, sprint2_second_timed_cluster_1,
          sprint2_sniper_area_1, sprint2_heavy_combat_area_1,
          sprint2_mutation_trap_area_1, sprint2_forest_area_1,
          sprint2_light_combat_area_1, sprint2_behind_water_1,
          sprint2_near_end_vault_1]

Skill      XL: |  1  2  3  4  5  6 |
---------------+-------------------+-----
Fighting       | 5 6 7 |  7.9
Polearms       | 5 7 8 9 10 | 10.2
Armour         | 5 6 7 |  7.9
Dodging        | 3 4 5 6 |  6.1
Shields        | 5 6 7 |  7.8

Action                   |  1- 3 |  4- 6 || total
-------------------------+-------+-------++-------
Melee: Trident           |     6 |    30 ||    36
       Headbutt          |     2 |     7 ||     9
  Use: Potion            |     1 |     4 ||     5
Armor: Scale mail        |       |     5 ||     5
Dodge: Dodged            |       |     9 ||     9
Block: Buckler           |     1 |     5 ||     6

Table legend: (Time is in decaauts)
 A = Elapsed time spent in this place.
 B = Non-inter-level travel time spent in this place.
 C = Inter-level travel time spent in this place.
 D = Time resting spent in this place.
 E = Time spent auto-exploring this place.
 F = Levels seen in this place.
 G = Mean time per level.
                   A        B        C        D        E       F      G
               +--------+--------+--------+--------+--------+-----+--------+
         Total |    116 |    116 |      0 |     33 |      0 |   1 |  116.0 |
       Dungeon |    116 |    116 |      0 |     33 |      0 |   1 |  116.0 |
               +--------+--------+--------+--------+--------+-----+--------+

Top non-repeatable levels by time:
       D: 116 daAuts
